 Dungeon Sprint DCSS version 0.21.2 (webtiles) character file.

2740 Fang the Cleaver (level 9, -5/100 HPs)
             Began as a Gargoyle Berserker on Dec 21, 2018.
             Was the Champion of Trog.
             Slain by Joseph
             ... wielding a +0 quarterstaff
              (6 damage)
             ... in the Dungeon (Sprint VII: "The Pits").
             The game lasted 00:01:53 (879 turns).

Fang the Cleaver (Gargoyle Berserker)                Turns: 879, Time: 00:01:54

Health: -5/100     AC: 22    Str: 28    XL:     9   Next: 68%
Magic:  9/9        EV: 15    Int:  9    God:    Trog [******]
Gold:   0          SH:  0    Dex: 12    Spells: 8/8 levels left

rFire    . . .     SeeInvis .   p - +3 broad axe (freeze)
rCold    . . .     Gourm    .   (no shield)
rNeg     + . .     Faith    .   u - +4 chain mail
rPois    ∞         Spirit   .   (no helmet)
rElec    +         Reflect  .   (no cloak)
rCorr    .         Harm     .   (no gloves)
MR       .....     NoTele   +   (no boots)
Stlth    ..........             (no amulet)
HPRegen  0.26/turn              q - +3 ring of evasion
MPRegen  0.11/turn              s - +3 ring of dexterity

@: berserking, slowed
A: negative energy resistance 1, electricity resistance, unbreathing,
petrification resistance, rot immunity, AC +6
a: Berserk, Trog's Hand, Brothers in Arms, Burn Spellbooks, Renounce Religion


You were in the Dungeon.
You worshipped Trog.
Trog was exalted by your worship.
You were near starving.

You visited 1 branch

Inventory:

Hand Weapons
 m - a +1 hand axe of freezing
 p - a +3 broad axe of freezing (weapon)
Armour
 u - a +4 chain mail (worn)
Jewellery
 q - a +3 ring of evasion (left hand)
 s - a +3 ring of dexterity (right hand)
Scrolls
 i - a scroll of blinking
 k - 3 scrolls of remove curse
 l - a scroll of summoning
Potions
 a - 2 potions of invisibility
 d - 8 potions of curing
 e - 11 potions of heal wounds
 f - a potion of haste
 g - 4 potions of magic
 h - 3 potions of berserk rage
 r - 2 potions of brilliance
 t - a potion of agility
Comestibles
 c - 8 rations


   Skills:
 + Level 12.8 Fighting
 + Level 12.9 Axes
 + Level 10.8 Armour
 + Level 6.4 Dodging
 + Level 0.8 Stealth


You had 8 spell levels left.
You didn't know any spells.

Dungeon Overview and Level Annotations

Branches:
Dungeon (1/1)

Altars:
Ashenzari
Cheibriados
Dithmenos
Elyvilon
Fedhas
Gozag
Hepliaklqana
Kikubaaqudgha
Makhleb
Nemelex Xobeh
Okawaru
Qazlal
Ru
Sif Muna
Trog
Uskayaw
Vehumet
Wu Jian
Xom
Yredelemnul
Zin
The Shining One
Beogh
Jiyva
Lugonu

Annotations:
D Joseph, Josephine, Prince Ribbit


Innate Abilities, Weirdness & Mutations

You are resistant to torment.
Your stone body is resilient. (AC +6)
You are immune to poison.
You resist negative energy. (rN+)
You are resistant to electric shocks. (rElec)
You can survive without breathing.
You are immune to petrification.
You are immune to rotting.


Message History

The vampire knight is lightly damaged.
You closely miss the wraith. You barely miss the wraith.
You slash the hippogriff! You freeze the hippogriff. The hippogriff misses you.
The hippogriff closely misses you.
The hippogriff claws you but does no damage.
The wraith hits you but does no damage. The wraith barely misses you.
You slice the vampire knight!! You freeze the vampire knight.
The vampire knight is heavily damaged.
You slice the hippogriff!! You freeze the hippogriff.
You kill the hippogriff!
Trog accepts your kill.
You hit the wraith but do no damage. x2
The vampire knight hits you with a war axe!
* * * LOW HITPOINT WARNING * * *
The vampire knight bites you but does no damage.
The wraith barely misses you.
You barely miss Josephine. You slash the vampire knight!
You freeze the vampire knight. You closely miss Joseph.
You closely miss the wraith. Joseph hits you with a quarterstaff.
You die...

.#.)#####'#####''######
.#))##.......##''#####
##))##.......##......+
.#.[##.......##......+ .
.#'###...<...##.....##..
....##.......##...###...
....##.......##..##.....
######.......##'V#4..#..
.#..###########.@@W.....
.#.############@W#W..#..
.#.#....#..[[##..##.....
.#)#))..#..[[##... ##...
.#('....'..))##... ..
.#'#....#..))###... .
.'.#....#..))# ###.
############## ##


You could see a vampire knight, Josephine, Joseph, an ice devil and 3 wraiths.

Vanquished Creatures
  A flayed ghost (D)
  A spiny frog (D)
  A hippogriff (D)
  A redback (D)
  A hungry ghost (D)
  Edmund (D)
  A floating eye (D)
  An eye of draining (D)
  2 ogres (D)
  A wolf (D)
  A bullfrog (D)
  3 killer bees (D)
  2 worker ants (D)
  A hell rat (D)
  A mummy (D)
  3 gnolls (D)
  An ooze (D)
  An adder zombie (D)
  An adder skeleton (D)
  3 bats (D)
  A goblin (D)
  A rat (D)
30 creatures vanquished.

Vanquished Creatures (collateral kills)
  A hydra (D)
  A deep elf mage (D)
  An orc warrior (D)
  A centaur (D)
  A gnoll shaman (D)
  A gnoll (D)
  2 orcs (D)
8 creatures vanquished.

Grand Total: 38 creatures vanquished

Notes
Turn   | Place    | Note
-------+----------+-------------------------------------------
     0 | D        | Fang the Gargoyle Berserker began the quest for the Orb.
     0 | D        | Reached XP level 1. HP: 14/14 MP: 1/1
    50 | D        | Noticed a worker ant
    54 | D        | Killed a worker ant
    54 | D        | Reached ** piety under Trog
    54 | D        | Reached skill level 5 in Fighting
    54 | D        | Reached XP level 2. HP: 21/21 MP: 2/2
    54 | D        | Reached XP level 3. HP: 26/26 MP: 3/3
    58 | D        | Noticed a floating eye
    63 | D        | Paralysed by a floating eye for 4 turns
    70 | D        | Killed a floating eye
    70 | D        | Reached XP level 4. HP: 33/34 MP: 4/4
    70 | D        | Reached XP level 5. HP: 37/38 MP: 5/5
    82 | D        | Reached *** piety under Trog
   245 | D        | Found a bloodstained altar of Trog.
   245 | D        | Found a deep blue altar of Sif Muna.
   245 | D        | Found a viscous altar of Jiyva.
   245 | D        | Found a hazy altar of Hepliaklqana.
   245 | D        | Found an opulent altar of Gozag.
   267 | D        | Noticed Prince Ribbit
   268 | D        | Noticed an orc warrior
   269 | D        | Noticed Edmund
   270 | D        | Noticed an ogre
   277 | D        | Reached **** piety under Trog
   282 | D        | Killed an ogre
   282 | D        | Reached XP level 6. HP: 25/45 MP: 6/6
   288 | D        | Killed an orc warrior
   288 | D        | Reached skill level 5 in Armour
   317 | D        | Killed Edmund
   320 | D        | Reached ***** piety under Trog
   320 | D        | Reached XP level 7. HP: 44/52 MP: 7/7
   373 | D        | Reached skill level 10 in Fighting
   431 | D        | Noticed a hungry ghost
   459 | D        | Killed a hungry ghost
   459 | D        | Reached skill level 5 in Dodging
   462 | D        | Reached skill level 10 in Axes
   560 | D        | Noticed a deep elf mage
   560 | D        | Noticed a six-headed hydra
   562 | D        | Killed a deep elf mage
   562 | D        | Reached XP level 8. HP: 52/60 MP: 8/8
   565 | D        | Killed a seven-headed hydra
   565 | D        | Received a gift from Trog
   669 | D        | Found a glowing golden altar of the Shining One.
   669 | D        | Found a glowing silver altar of Zin.
   669 | D        | Found a basalt altar of Yredelemnul.
   669 | D        | Found a shimmering altar of Xom.
   669 | D        | Found an ornate altar of the Wu Jian Council.
   669 | D        | Found a sacrificial altar of Ru.
   669 | D        | Found a stormy altar of Qazlal.
   669 | D        | Found an iron altar of Okawaru.
   669 | D        | Found a sparkling altar of Nemelex Xobeh.
   669 | D        | Found a burning altar of Makhleb.
   669 | D        | Found a blossoming altar of Fedhas.
   669 | D        | Found a white marble altar of Elyvilon.
   669 | D        | Found a shadowy altar of Dithmenos.
   669 | D        | Found a snail-covered altar of Cheibriados.
   670 | D        | Found a radiant altar of Vehumet.
   670 | D        | Found a corrupted altar of Lugonu.
   670 | D        | Found a roughly hewn altar of Beogh.
   671 | D        | Found a hide-covered altar of Uskayaw.
   671 | D        | Found an ancient bone altar of Kikubaaqudgha.
   671 | D        | Found a shattered altar of Ashenzari.
   692 | D        | Noticed a flayed ghost
   699 | D        | Killed a flayed ghost
   699 | D        | Reached XP level 9. HP: 49/65 MP: 0/9
   860 | D        | Noticed a spiny frog
   860 | D        | Noticed an ice devil
   866 | D        | Reached skill level 10 in Armour
   867 | D        | Noticed Josephine
   870 | D        | Killed a spiny frog
   872 | D        | Reached ****** piety under Trog
   873 | D        | Noticed a vampire knight
   873 | D        | Noticed Joseph
   878 | D        | HP: 1/100 [vampire knight/war axe (13)]
   879 | D        | Slain by Joseph

Skill      XL: |  1  2  3  4  5  6  7  8  9 |
---------------+----------------------------+-----
Axes           | 4 6 7 8 10 11 12 | 12.9
Fighting       | 5 7 8 9 11 12 | 12.8
Dodging        | 2 3 4 5 6 |  6.4
Armour         | 4 5 7 9 10 | 10.8
Stealth        | |  0.8

Action                   |  1- 3 |  4- 6 |  7- 9 || total
-------------------------+-------+-------+-------++-------
Melee: Hand axe          |    14 |    35 |    58 ||   107
       Broad axe         |       |       |    28 ||    28
Invok: Berserk           |       |     1 |     2 ||     3
       Brothers in Arms  |       |     1 |     1 ||     2
  Use: Potion            |       |     1 |       ||     1
  Eat: Ration            |       |       |     1 ||     1
       Chunk             |       |       |     1 ||     1
Armor: Animal skin       |     2 |     7 |       ||     9
       Chain mail        |       |    19 |    46 ||    65
Dodge: Dodged            |     6 |    38 |    35 ||    79
